 Dungeon Crawl Stone Soup version 0.17-a0-1479-g4041c36 (webtiles) character file.

476 urechis the Poker (level 7, -15/46 HPs)
             Began as a Tengu Berserker on July 3, 2015.
             Was a Priest of Trog.
             Demolished by an ogre
             ... wielding a +0 giant club
              (25 damage)
             ... on level 4 of the Dungeon.
             The game lasted 00:06:21 (2271 turns).

urechis the Poker (Tengu Berserker)                 Turns: 2271, Time: 00:06:23

Health: -15/46     AC:  7    Str: 17    XL:     7   Next: 10%
Magic:  5/8        EV: 15    Int:  7    God:    Trog [***...]
Gold:   144        SH:  0    Dex: 16    Spells: 0 memorised, 6 levels left

rFire  . . .     SeeInvis .     a - +0 spear
rCold  . . .     Clarity  .     l - +2 animal skin
rNeg   . . .     SustAt   .     (no shield)
rPois  .         Gourm    .     (helmet restricted)
rElec  .         Spirit   .     q - +2 cloak
rCorr  .         Warding  .     (no gloves)
rMut   .         Stasis   .     (boots unavailable)
MR     .....                    (no amulet)
Stlth  +.........               (no ring)
                                (no ring)

@: exhausted, flying quickly and evasively, quick, not resistant to hostile
enchantments, very unstealthy
A: beak, talons 3, able to fly 1
a: Burn Spellbooks, Berserk, Trog's Hand, Renounce Religion


You were on level 4 of the Dungeon.
You worshipped Trog.
Trog was most pleased with you.
You were not hungry.

You visited 1 branch of the dungeon, and saw 4 of its levels.

You collected 144 gold pieces.

Inventory:

Hand weapons
 a - a +0 spear (weapon)
Armour
 l - a +2 animal skin (worn)
 q - a +2 cloak (worn)
Magical devices
 v - a wand of digging (13)
Scrolls
 b - a scroll of immolation {unknown}
 f - 3 scrolls of magic mapping {unknown}
 g - 4 scrolls of identify {unknown}
 j - a scroll of blinking {unknown}
 o - a scroll of remove curse {unknown}
 p - 3 scrolls of fog {unknown}
 r - 2 scrolls of enchant armour {unknown}
 s - a scroll of recharging {unknown}
 t - a scroll of teleportation {unknown}
Potions
 d - 2 potions of brilliance {unknown}
 e - 2 potions of flight {unknown}
 h - 2 potions of curing {unknown}
 m - a potion of invisibility {unknown}
Books
 u - a book of Cantrips

   Spells                             Type                      Level
   a - Corona                         Hexes                        1
   b - Animate Skeleton               Necromancy                   1
   c - Summon Small Mammal            Summoning                    1
   d - Apportation                    Translocation                1
   Trog disapproves of the use of such an item.
Comestibles
 c - 2 bread rations
 i - a slice of pizza
 k - 2 beef jerkies


   Skills:
 + Level 6.0 Fighting
 + Level 6.3 Polearms
 - Level 2.1 Armour
 - Level 2.1 Dodging


You had 6 spell levels left.
You didn't know any spells.

Dungeon Overview and Level Annotations

Branches:
Dungeon (4/15)
 Temple: D:4-7

Altars:
Vehumet


Innate Abilities, Weirdness & Mutations

You have a beak for a mouth.
You have claws for feet.
You can fly.


Message History

The ogre barely misses you.
You feel the effects of Trog's Hand fading.
The giant frog completely misses you. The giant frog closely misses you.
You feel yourself speed up.
The giant frog hits you but does no damage.
You see here a cyan potion.
Use which ability? (? or * to list)
You swoop lightly up into the air.
You feel very comfortable in the air.
You are starving!
The ogre hits you but does no damage. The giant frog hits you!
* * * LOW HITPOINT WARNING * * *
Eat which item? (? for menu, Esc to quit)
The giant frog misses you. The ogre barely misses you. The giant frog hits you.
* * * LOW HITPOINT WARNING * * *
You continue eating.
Your skin stops crawling.
You feel less resistant to hostile enchantments.
The giant frog misses you. The ogre hits you with a giant club!!
Ouch! That really hurt!
You die...

...........>...
..)............
................
.................
.................
.................
..................
........FO........
........@.........
..................
..................
..................
..................
..................
..................
..................
...................


You could see an ogre and a giant frog.

Vanquished Creatures
  2 ogres (D:4)
  A scorpion (D:4)
  Jessica (D:2)
  Natasha (thrice) (D:2)
  A hound zombie (D:3)
  Robin (D:1)
  7 adders
  2 worker ant zombies (D:3)
  An adder zombie (D:3)
  An adder skeleton (D:3)
  3 worms (D:2)
  A giant gecko (D:2)
  A ball python (D:1)
  A giant cockroach (D:1)
  12 goblins
  12 hobgoblins
  2 jackals (D:3)
  10 kobolds
  A quokka (D:2)
  6 bats
  2 giant gecko skeletons (D:3)
  5 giant newts
  A quokka skeleton (D:3)
  11 rats
88 creatures vanquished.

Notes
Turn   | Place    | Note
--------------------------------------------------------------
     0 | D:1      | urechis the Tengu Berserker began the quest for the Orb.
     0 | D:1      | Reached XP level 1. HP: 14/14 MP: 2/2
   141 | D:1      | Reached XP level 2. HP: 10/19 MP: 3/3
   315 | D:1      | Reached XP level 3. HP: 16/23 MP: 4/4
   344 | D:1      | Acquired Trog's second power
   466 | D:2      | Noticed Robin
   472 | D:1      | Reached skill level 4 in Polearms
   480 | D:1      | Killed Robin
   544 | D:2      | Noticed Jessica
   550 | D:2      | Killed Jessica
   550 | D:2      | Reached XP level 4. HP: 22/29 MP: 5/5
   610 | D:2      | Noticed Natasha
   751 | D:2      | Killed Natasha
   798 | D:2      | Gained mutation: You can fly. [Tengu growth]
   798 | D:2      | Reached XP level 5. HP: 34/34 MP: 6/6
   819 | D:2      | Noticed Natasha
   825 | D:2      | Killed Natasha
  1100 | D:2      | Reached skill level 5 in Polearms
  1104 | D:2      | Noticed Natasha
  1118 | D:2      | Killed Natasha
  1416 | D:3      | Found a radiant altar of Vehumet.
  1489 | D:3      | Reached skill level 5 in Fighting
  1716 | D:3      | Reached XP level 6. HP: 35/40 MP: 7/7
  2228 | D:4      | Reached skill level 6 in Polearms
  2232 | D:4      | Reached XP level 7. HP: 46/46 MP: 8/8
  2271 | D:4      | Demolished by an ogre

Vault maps used:
D:1:      saegor_arrival_simple_c, nrook_mini_backslash
D:2:      serial_bayou_pond_a, uniq_natasha, uniq_jessica, uniq_robin
D:3:      nicolae_overflow_hidden_temple, first_bread, serial_undead,
          serial_undead_e, serial_undead_a, serial_undead_d, serial_undead_f,
          st_stairs_13
D:4:      minmay_temple_entry_water_ring

Action                   |  1- 3 |  4- 6 |  7- 9 || total
-------------------------+-------+-------+-------++-------
Melee: Spear             |    81 |   193 |     9 ||   283
Invok: Berserk           |     2 |     2 |       ||     4
       Trog's Hand       |       |     2 |     1 ||     3
 Abil: Fly               |       |       |     1 ||     1
 Stab: Sleeping          |     2 |     4 |       ||     6
       Distracted        |       |     1 |       ||     1
  Eat: Chunk             |       |     7 |       ||     7
       Meat ration       |       |       |     1 ||     1
